 Dungeon Crawl Stone Soup version 0.17-a0-1504-gb7d9117 (webtiles) character file.

2361 mrath the Sneak (level 9, 0/66 HPs)
             Began as a Demonspawn Assassin on July 9, 2015.
             Was a Priest of Nemelex Xobeh.
             Slain by a killer bee (4 damage)
             ... on level 7 of the Dungeon.
             The game lasted 01:58:49 (9649 turns).

mrath the Sneak (Demonspawn Assassin)               Turns: 9649, Time: 01:58:51

Health: 0/66       AC:  6    Str: 11    XL:     9   Next: 21%
Magic:  10/10      EV: 15    Int: 15    God:    Nemelex Xobeh [***...]
Gold:   413        SH:  0    Dex: 16    Spells: 0 memorised, 8 levels left

rFire  . . .     SeeInvis .     a - +2 dagger
rCold  + . .     Clarity  .     c - +0 robe
rNeg   . . .     SustAt   .     (no shield)
rPois  .         Gourm    .     (no helmet)
rElec  .         Spirit   .     d - +1 cloak
rCorr  .         Warding  .     o - +0 pair of gloves
rMut   .         Stasis   .     (no boots)
MR     +....                    (no amulet)
Stlth  +++.......               m - ring of protection from magic
                                y - ring of flight

@: lethally poisoned (0 -> -11), somewhat resistant to hostile enchantments,
fairly stealthy
A: hooves 2, rugged brown scales 1, cold resistance 1, demonic guardian 1
a: Triple Draw, Renounce Religion, Evoke Flight


You were on level 7 of the Dungeon.
You worshipped Nemelex Xobeh.
Nemelex Xobeh was most pleased with you.
You were not hungry.

You visited 1 branch of the dungeon, and saw 7 of its levels.

You collected 433 gold pieces.

Inventory:

Hand weapons
 a - a +2 dagger (weapon)
 b - a +0 blowgun
 H - a +0 hunting sling
 J - a +0 dagger of electrocution
Missiles
 e - 21 poisoned needles
 f - 2 curare-tipped needles
 i - 90 arrows
 k - 184 stones (quivered)
 s - 16 bolts
 t - 10 tomahawks
 K - 9 bolts of penetration
 N - 50 sling bullets
 U - 2 throwing nets
 W - 6 sling bullets of flame
Armour
 c - a +0 robe (worn)
 d - a +1 cloak (worn)
 o - a +0 pair of gloves (worn)
 z - a +4 scale mail of fire resistance
 B - a +2 ring mail of fire resistance
 M - a +0 pearl dragon armour
Jewellery
 m - a ring of protection from magic (right hand)
 y - a ring of flight (left hand)
 E - an uncursed ring of magical power
Magical devices
 q - a wand of fire (9)
 O - a wand of draining (6)
Scrolls
 l - 5 scrolls of amnesia
 n - 2 scrolls of identify
 r - 2 scrolls of enchant armour
 G - 2 scrolls of blinking
 S - a scroll of fear
Potions
 h - a potion of curing {unknown}
 j - 4 potions of agility
 p - a potion of haste {unknown}
 v - a potion of might {unknown}
 A - a potion of poison {unknown}
 C - a potion of flight {unknown}
 F - a potion of heal wounds {unknown}
 P - 3 potions of lignification
 Q - a potion of beneficial mutation {unknown}
Books
 D - a book of Hinderance

   Spells                             Type                      Level
   a - Confusing Touch                Hexes                        2
   b - Confuse                        Hexes                        3
   c - Gell's Gravitas                Hexes/Translocation          3
   d - Petrify                        Transmutation/Earth          4
   e - Metabolic Englaciation         Hexes/Ice                    5
 T - a book of Dreams

   Spells                             Type                      Level
   a - Ensorcelled Hibernation        Hexes/Ice                    2
   b - Phase Shift                    Translocation                5
   c - Shadow Creatures               Summoning                    5
   d - Silence                        Hexes/Air                    5
   e - Mass Confusion                 Hexes                        6
   f - Darkness                       Hexes                        7
Miscellaneous
 u - a plain deck of escape
 w - a plain deck of escape {drawn: 4}
 L - a plain deck of destruction {drawn: 3}
 R - a plain deck of war
 V - a plain deck of war
Comestibles
 g - 3 bread rations
 x - a slice of pizza
 I - 4 chunks of flesh


   Skills:
 + Level 4.0 Fighting
 + Level 3.5 Short Blades
 + Level 5.3(6.2) Slings
 + Level 5.0(6.1) Throwing
 + Level 5.5 Dodging
 + Level 6.0 Stealth
 + Level 1.5 Evocations


You had 8 spell levels left.
You didn't know any spells.

Dungeon Overview and Level Annotations

Branches:
Dungeon (7/15)             Temple (0/1) D:7

Altars:
Ashenzari
Cheibriados
Dithmenos
Fedhas
Nemelex Xobeh
Okawaru
Ru
Vehumet
Yredelemnul
The Shining One

Annotations:
D:3 Grinder


Innate Abilities, Weirdness & Mutations

You have hoof-like feet.
You are partially covered in rugged brown scales (AC +1, +3% HP).
Your flesh is cold resistant.
A weak demonic guardian rushes to your aid.


Message History

Evoke which item? (* to show all) (? for menu, Esc to quit)
You draw a card...
It is the Shaft.
A shaft materialises beneath you!
A shaft opens up in the floor!
A stone falls through the shaft.
A giant cockroach corpse falls through the shaft.
You feel sick. The killer bee stings you.
* * * LOW HITPOINT WARNING * * *
You are lethally poisoned!
The killer bee poisons you! The killer bee misses you.
The killer bee stings you but does no damage.
The killer bee stings you.
* * * LOW HITPOINT WARNING * * *
Evoke which item? (* to show all) (? for menu, Esc to quit)
You draw a card...
It is Velocity.
The killer bee seems to speed up.
The killer bee seems to speed up. x2
The centaur zombie seems to speed up.
* * * LOW HITPOINT WARNING * * *
You feel sick. The killer bee closely misses you.
The killer bee closely misses you. The killer bee stings you.
You die...
Your body disappears without a glow.

...###..............###
###.#..#*##..#........# ##.#.#
#..###..#.#.#
#.#รท####.......#.#.#
##................#.#
#................[#.#
#.##.####..#####..#.# #.#..#
#..#####..#.# #.#.##
*#...Zy@yy.#.# #.#.#
*#.#..#####.#.# #.#.###.###.##
#...# #.#.##.## ##.# #..##
#.#.##..###.## #..#
##.#.##)#.#..# #..#
#....##.##...#####..#########
##.#..##.###.................#
...#...#..##.######..#######.#


You could see 3 killer bees and a centaur zombie.

Vanquished Creatures
  An orc warrior (D:6)
  An ice beast (D:7)
  5 ogres
  5 giant frogs
  2 killer bees (D:7)
  2 centaur zombies
  5 orc priests
  3 crimson imps
  3 giant frog skeletons
  4 hounds
  3 jellies
  An iguana (D:6)
  2 orc wizards
  Terence (D:3)
  6 worker ants
  A hound zombie (D:5)
  A mummy (D:5)
  5 gnolls
  6 adders
  A shadow imp (D:5)
  An adder zombie (D:7)
  A worm (D:3)
  8 giant geckos
  23 orcs
  5 bats
  A bat skeleton (D:4)
  A bat zombie (D:5)
  10 giant cockroaches
  20 hobgoblins
  6 jackals
  10 kobolds
  3 quokkas
  A ball python (D:4)
  5 giant newts
  11 goblins
  A quokka skeleton (D:7)
  17 rats
182 creatures vanquished.

Vanquished Creatures (collateral kills)
  An ice beast (D:7)
  An ogre (D:5)
  A sky beast (D:6)
  A water moccasin skeleton (D:4)
  A killer bee (D:7)
  An orc priest (D:4)
  An iguana (D:6)
  A gnoll (D:6)
  3 orcs
  2 jackals (D:6)
13 creatures vanquished.

Grand Total: 195 creatures vanquished

Notes
Turn   | Place    | Note
--------------------------------------------------------------
     0 | D:1      | mrath the Demonspawn Assassin began the quest for the Orb.
     0 | D:1      | Reached XP level 1. HP: 16/16 MP: 1/1
   429 | D:1      | Reached skill level 4 in Stealth
   517 | D:1      | Gained mutation: A weak demonic guardian rushes to your aid. [demonic ancestry]
   517 | D:1      | Reached XP level 2. HP: 19/22 MP: 2/2
   951 | D:2      | Reached skill level 1 in Dodging
  1148 | D:2      | Found a glowing golden altar of the Shining One.
  1229 | D:2      | Found a sparkling altar of Nemelex Xobeh.
  1259 | D:2      | Became a worshipper of Nemelex Xobeh the Trickster
  1428 | D:2      | Received a gift from Nemelex Xobeh
  1760 | D:2      | Gained mutation: You are partially covered in rugged brown scales (AC +1, +3% HP). [demonic ancestry]
  1760 | D:2      | Reached XP level 3. HP: 18/27 MP: 3/3
  2448 | D:3      | Found a basalt altar of Yredelemnul.
  2546 | D:3      | Noticed Grinder
  2895 | D:3      | Gained mutation: You have large cloven feet. [demonic ancestry]
  2895 | D:3      | Reached XP level 4. HP: 33/33 MP: 4/4
  2927 | D:3      | Noticed Terence
  2938 | D:3      | Killed Terence
  3265 | D:3      | Reached skill level 1 in Slings
  3562 | D:4      | Reached XP level 5. HP: 32/40 MP: 5/5
  3787 | D:4      | Found a radiant altar of Vehumet.
  3805 | D:4      | Received a gift from Nemelex Xobeh
  4073 | D:4      | Noticed an ogre
  4083 | D:4      | Killed an ogre
  4083 | D:4      | Gained mutation: Your flesh is cold resistant. [demonic ancestry]
  4083 | D:4      | Reached XP level 6. HP: 38/47 MP: 6/6
  4503 | D:4      | Noticed an ogre
  4529 | D:4      | Killed an ogre
  4561 | D:4      | Reached skill level 5 in Stealth
  4949 | D:5      | Entered Level 5 of the Dungeon
  5024 | D:5      | Reached XP level 7. HP: 42/52 MP: 7/7
  5048 | D:5      | Received a gift from Nemelex Xobeh
  5084 | D:5      | Found an iron altar of Okawaru.
  5097 | D:5      | Found a sacrificial altar of Ru.
  6097 | D:5      | Received a gift from Nemelex Xobeh
  6205 | D:5      | Found a snail-covered altar of Cheibriados.
  6397 | D:6      | Reached XP level 8. HP: 40/59 MP: 8/8
  6605 | D:6      | Received a gift from Nemelex Xobeh
  6648 | D:6      | Found a shattered altar of Ashenzari.
  6792 | D:6      | Acquired Nemelex Xobeh's first power
  6817 | D:6      | Found a blossoming altar of Fedhas.
  7200 | D:6      | Received a gift from Nemelex Xobeh
  7562 | D:6      | Reached skill level 1 in Evocations
  7802 | D:6      | Reached skill level 5 in Dodging
  8688 | D:7      | Reached skill level 5 in Slings
  8776 | D:7      | Found a staircase to the Ecumenical Temple.
  8939 | D:7      | Received a gift from Nemelex Xobeh
  9063 | D:7      | Gained mutation: You have hoof-like feet. [demonic ancestry]
  9063 | D:7      | Reached XP level 9. HP: 65/65 MP: 10/10
  9388 | D:7      | Found a shadowy altar of Dithmenos.
  9405 | D:7      | Reached skill level 5 in Throwing
  9615 | D:7      | Reached skill level 6 in Stealth
  9649 | D:7      | Slain by a killer bee

Vault maps used:
D:1:      dpeg_arrival_renting
D:2:      nicolae_tso_carved_into_rock, overflow_temple_1_default, first_bread
D:3:      lemuel_doored_altar, kennysheep_boxes, uniq_grinder, uniq_terence
D:4:      overflow_temple_1_default
D:5:      slow_altar_2, grunt_temple_overflow_open
D:6:      lemuel_round_altar, ashenzari_altar_1
D:7:      nicolae_dithmenos_shadow_blocks, temple_statues

Action                   |  1- 3 |  4- 6 |  7- 9 || total
-------------------------+-------+-------+-------++-------
Melee: Dagger            |   106 |   141 |   369 ||   616
 Fire: Hunting sling     |    16 |    58 |   104 ||   178
       Blowgun           |       |    13 |    80 ||    93
Throw: Stone             |    52 |    24 |    27 ||   103
Invok: Triple Draw       |       |       |     1 ||     1
Evoke: Deck              |       |       |    19 ||    19
  Use: Scroll            |     7 |     2 |     7 ||    16
       Potion            |       |       |     2 ||     2
 Stab: Sleeping          |     3 |     3 |    18 ||    24
       Distracted        |       |     1 |     5 ||     6
  Eat: Chunk             |     3 |       |     9 ||    12
       Meat ration       |     1 |     1 |       ||     2
       Bread ration      |       |       |     1 ||     1
       Pizza             |       |       |     1 ||     1
